AoeStats
← jphilkill

Oasis

509830586Analyzed
4v4 RM · 4d ago on Sep 28, 2026· 76m 36s· 8 players
Game mode
Random Map
Map size
Large (8 player)
Population
200
Speed
Normal
Resources
Standard
Victory
Conquest
Starting age
Dark Age
Ending age
Imperial Age
RankedLock teamsTeams togetherTeam positionsShared explorationLock speedFull tech treeHidden civsTurbo modeCheats
Victory
Defeat
🇳🇿 Saracens · New Zealand
1140
+10
🇺🇸 Khmer · United States
1109
+11
🇳🇿 Romans · New Zealand
1065
+13
🇩🇪 Huns · Germany
889
+19
🇹🇼 Teutons · Taiwan
1010
-14
🇨🇳 Byzantines · China
997
-14
🇮🇳 Bengalis · India
978
-13
🇨🇳 Khmer · China
970
-12
Isaac_void
2:55 Loom
6:43 Loom
8:58 Feudal Age
9:28 Double-Bit Axe
9:51 Horse Collar
19:14 Castle Age
20:37 Bow Saw
21:12 Heavy Plow
23:52 Wheelbarrow
24:33 Town Watch
27:30 Stone Mining
27:31 Gold Mining
29:04 Hand Cart
32:53 Imperial Age
33:17 Masonry
33:09 Heavy Scorpion
34:17 Conscription
34:19 Ironclad
34:05 Onager
36:02 Chemistry
35:08 Siege Engineers
35:24 Ballistics
36:37 Ballistics
36:08 Guard Tower
37:13 Fletching
41:17 Crenellations
41:14 Siege Onager
44:28 Town Patrol
素
11:02 Feudal Age
13:17 Double-Bit Axe
14:14 Horse Collar
19:08 Castle Age
18:03 Gold Mining
19:15 Fletching
20:59 Bow Saw
23:51 Gold Shaft Mining
25:42 Light Cavalry
29:17 Forging
28:46 Crossbowman
29:43 Heavy Plow
30:13 Stone Mining
31:43 Scale Barding Armor
31:43 Husbandry
40:03 Imperial Age
39:17 Wheelbarrow
38:27 Loom
39:29 Scale Mail Armor
40:05 Iron Casting
42:34 Chemistry
42:28 Hand Cart
41:51 Hussar
42:07 Elite Varangian Guard
42:50 Squires
42:35 Gambesons
43:10 Chain Mail Armor
44:49 Bombard Tower
44:51 Ballistics
46:47 Caravan
46:30 Treadmill Crane
48:45 Conscription
49:57 Hoardings
48:51 Capped Ram
50:56 Chain Barding Armor
50:56 Elite Cataphract
65:27 Two-Man Saw
66:06 Plate Mail Armor
66:12 Plate Barding Armor
66:19 Arson
72:43 Guard Tower
72:52 Murder Holes
72:56 Pikeman
笙箫楠兮
7:07 Loom
9:51 Feudal Age
13:06 Wheelbarrow
14:51 Double-Bit Axe
14:48 Horse Collar
21:03 Castle Age
24:39 Bow Saw
28:33 Hand Cart
30:50 Heavy Plow
34:58 Gold Mining
34:59 Stone Mining
39:22 Imperial Age
37:34 Gold Shaft Mining
38:26 Stone Shaft Mining
I like sheep
12:41 Feudal Age
16:34 Castle Age
14:29 Double-Bit Axe
14:26 Horse Collar
15:11 Gold Mining
15:49 Fletching
17:24 Bloodlines
17:17 Husbandry
21:10 Padded Archer Armor
22:38 Wheelbarrow
23:49 Loom
24:19 Bodkin Arrow
27:00 Hand Cart
28:05 Leather Archer Armor
28:41 Heavy Plow
32:14 Imperial Age
31:32 Gold Shaft Mining
31:23 Ballistics
32:16 Stone Mining
34:06 Bracer
36:24 Ring Archer Armor
35:52 Light Cavalry
36:40 Scale Barding Armor
36:46 Forging
35:59 Elite Elephant Archer
38:25 Chemistry
39:22 Chain Barding Armor
41:36 Plate Barding Armor
42:48 Fortified Wall
44:15 Iron Casting
47:09 Blast Furnace
48:23 Masonry
48:10 Murder Holes
50:29 Elite Battle Elephant
50:51 Elite Battle Elephant
52:31 Conscription
52:24 Paiks
52:41 Conscription
51:49 Onager
55:14 Siege Engineers
FinRahZel
1:04 Loom
11:53 Feudal Age
12:25 Double-Bit Axe
14:15 Fletching
15:57 Padded Archer Armor
25:34 Castle Age
25:44 Crossbowman
26:20 Bodkin Arrow
27:55 Bow Saw
28:01 Elite Skirmisher
31:42 Leather Archer Armor
34:58 Thumb Ring
36:02 Ballistics
45:36 Imperial Age
43:58 Wheelbarrow
45:28 Gold Mining
45:55 Onager
47:18 Hand Cart
48:10 Two-Man Saw
47:48 Siege Engineers
49:34 Chemistry
47:57 Siege Onager
50:16 Arbalester
51:26 Counterweights
51:37 Conscription
52:31 Caravan
66:41 Bracer
67:11 Ring Archer Armor
jordan.armstrong
0:32 Loom
12:53 Feudal Age
17:36 Horse Collar
17:44 Double-Bit Axe
23:34 Castle Age
21:28 Gold Mining
21:29 Stone Mining
23:47 Wheelbarrow
25:46 Bow Saw
26:17 Heavy Plow
27:13 Pikeman
29:54 Gold Shaft Mining
30:00 Squires
30:16 Forging
32:03 Caravan
32:54 Scale Mail Armor
33:29 Iron Casting
33:17 Hand Cart
35:09 Chain Mail Armor
39:33 Imperial Age
37:41 Ballistics
38:37 Fletching
38:27 Man-at-Arms
39:21 Scale Barding Armor
39:51 Long Swordsman
41:02 Legionary
43:50 Chain Barding Armor
44:31 Blast Furnace
44:09 Conscription
51:21 Elite Centurion
53:26 Plate Barding Armor
53:43 Halberdier
57:17 Light Cavalry
58:10 Bloodlines
57:22 Cavalier
58:03 Husbandry
Imyourextasy
11:08 Feudal Age
13:22 Loom
15:55 Castle Age
29:32 Imperial Age
28:32 Double-Bit Axe
31:18 Wheelbarrow
32:33 Conscription
35:20 Bow Saw
34:53 Heavy Scorpion
36:58 Double Crossbow
37:42 Hand Cart
38:50 Chemistry
38:11 Ballistics
38:30 Scale Barding Armor
38:36 Forging
40:10 Bloodlines
39:21 Cavalier
39:51 Onager
40:38 Cavalier
42:30 Chain Barding Armor
42:28 Elite Battle Elephant
44:17 Plate Barding Armor
46:11 Iron Casting
46:18 Light Cavalry
54:13 Town Watch
56:10 Hussar
61:50 Blast Furnace
61:19 Husbandry
66:47 Gold Mining
66:48 Stone Mining
67:28 Capped Ram
68:25 Siege Ram
73:31 Siege Engineers
73:37 Masonry
jphilkill
0:58 Loom
13:18 Feudal Age
18:47 Castle Age
18:53 Double-Bit Axe
18:52 Horse Collar
25:38 Wheelbarrow
28:37 Bloodlines
29:44 Gold Mining
34:43 Bow Saw
34:53 Hand Cart
34:30 Stone Mining
37:15 Gold Shaft Mining
37:04 Husbandry
37:13 Scale Barding Armor
37:19 Forging
42:51 Imperial Age
44:40 Conscription
44:53 Chain Barding Armor
45:09 Iron Casting
44:35 Scale Mail Armor
45:46 Two-Man Saw
44:29 Cavalier
48:10 Heavy Plow
48:10 Pikeman
48:51 Squires
50:22 Plate Barding Armor
50:49 Blast Furnace
51:34 Elite Tarkan
56:06 Marauders
59:36 Light Cavalry
60:53 Hussar
62:38 Chain Mail Armor
70:36 Halberdier
71:09 Fletching
71:20 Padded Archer Armor
73:56 Chemistry
Connection lost

Rejoining the realm…

Still unreachable

The connection could not be restored.

Session expired

The server has moved on; the page needs a fresh start.